 Dungeon Crawl Stone Soup version 0.29.1-15-g9cfb28693d (webtiles) character file.

Game seed: 5271363882117023044

101 KittyFluff the Cudgeller (level 4, 0/29 HPs)
             Began as a Gargoyle Berserker on Apr 9, 2023.
             Was a Follower of Trog.
             Slain by an orc
             ... wielding a +0 whip
              (2 damage)
             ... on level 3 of the Dungeon.
             The game lasted 00:06:27 (2028 turns).

KittyFluff the Cudgeller (Gargoyle Berserker)       Turns: 2028, Time: 00:06:27

Health: 0/29       AC:  7    Str: 20    XL:     4   Next: 75%
Magic:  4/4        EV: 12    Int:  8    God:    Trog [*.....]
Gold:   72         SH:  0    Dex: 11    Spells: 3/3 levels left

rFire   . . .      SeeInvis .   a - +0 mace
rCold   . . .      Faith    .   (no shield)
rNeg    + . .      Spirit   .   l - +0 leather armour
rPois   ∞          Reflect  .   (no helmet)
rElec   +          Harm     .   (no cloak)
rCorr   .          Rampage  .   (no gloves)
Will    .....                   (no boots)
Stlth   +.........              (no amulet)
HPRegen 0.09/turn               (no ring)
MPRegen 0.09/turn               (no ring)

@: no status effects
A: sickness immunity, AC +3, negative energy resistance 1, electricity
resistance, torment resistance 1, petrification resistance
a: Renounce Religion, Berserk


You were on level 3 of the Dungeon.
You worshipped Trog.
Trog was aware of your devotion.
You visited 1 branch of the dungeon, and saw 3 of its levels.

You collected 72 gold pieces.

Inventory:

Hand Weapons
 a - a +0 mace (weapon)
 n - a +0 sling
Missiles
 b - 2 poisoned darts
 d - 14 stones (quivered)
Armour
 l - a +0 leather armour (worn)
 m - a +3 chain mail
Wands
 s - a wand of polymorph (10)
Scrolls
 c - 2 scrolls of enchant weapon {unknown}
 f - a scroll of torment {unknown}
 h - a scroll of acquirement {unknown}
 k - a scroll of identify {unknown}
 p - a scroll of fear {unknown}
 r - a scroll of enchant armour {unknown}
Potions
 e - 2 potions of haste {unknown}
 g - a potion of degeneration {unknown}
 i - a potion of heal wounds {unknown}
 j - a potion of brilliance {unknown}
 o - 2 potions of lignification {unknown}
 q - a potion of flight {unknown}


   Skills:
 + Level 3.7 Fighting
 + Level 3.8 Maces & Flails
 * Level 3.3 Armour
 + Level 2.1 Dodging
 + Level 1.1 Stealth


You had 3 spell levels left.
You didn't know any spells.
Your spell library was empty.

Dungeon Overview and Level Annotations

Branches:
Dungeon (3/15)

Altars:


Innate Abilities, Weirdness & Mutations

You are immune to sickness and miasma.
Your stone body is resilient. (AC +3)
You are immune to poison.
You resist negative energy. (rN+)
You are resistant to electric shocks. (rElec)
You are resistant to unholy torment.
You are immune to petrification.


Message History

You closely miss the orc wizard.
The orc wizard is heavily wounded.
The orc barely misses you.
The orc wizard points at you and mumbles some strange words.
You resist with some effort.
You sock the orc wizard!
The orc wizard is almost dead.
An orc comes into view.
It is wielding a +0 hand axe and quivering curare-tipped darts.
The orc closely misses you.
The orc wizard hits you with a +0 dagger.
The orc shouts!
You hit the orc wizard but do no damage.
The orc wizard is almost dead.
You hear an angry hiss.
The orc hits you with a +0 whip.
The orc wizard gestures wildly while chanting.
The orc wizard flickers and vanishes!
Deactivating autopickup; reactivate with Ctrl-A.
You hit something but do no damage. The orc hits you with a +0 whip.
Something hits you. The orc hits you but does no damage.
Something hits you but does no damage.
You barely miss something. The orc hits you but does no damage.
Something hits you.
* * * LOW HITPOINT WARNING * * *
You barely miss something. The orc closely misses you.
Something hits you but does no damage.
You closely miss something. The orc closely misses you.
You hear some strange, mumbled words.
A puff of flame appears from out of thin air!
The puff of flame hits you.
* * * LOW HITPOINT WARNING * * *
An adder comes into view.
The adder hisses angrily.
You hit something. Trog accepts your kill.
Trog appreciates your killing of a magic user.
Reactivating autopickup.
You feel a bit more experienced. The orc hits you but does no damage.
You closely miss the orc. The orc hits you with a +0 whip.
You die...

##.....# #.........# ...
.......# #...<.....#
....##.....######.#o...#
..........+.# #....###
#..#..?..#.####...##
.####.#.....#.#......#
............#.##...#.#
........##...........#
.......)@oo.#....#####
####+#.#####.##.....
#.).# #......... #####
#.##....... ...........
........... .......#.###


You could see 2 orcs.

Vanquished Creatures
  An orc wizard (D:3)
  4 adders (D:2)
  A worm (D:3)
  An orc (D:3)
  4 endoplasms
  4 giant cockroaches
  6 goblins
  3 hobgoblins
  2 kobolds (D:2)
  2 quokkas
  3 bats (D:1)
  2 frilled lizards
33 creatures vanquished.

Notes
Turn   | Place    | Note
-------+----------+-------------------------------------------
     0 | D:1      | KittyFluff the Gargoyle Berserker began the quest for the
                  | Orb.
     0 | D:1      | Reached XP level 1. HP: 14/14 MP: 1/1
   572 | D:1      | Reached XP level 2. HP: 13/19 MP: 2/2
   806 | D:1      | Found a faded altar of an unknown god.
  1329 | D:2      | Reached XP level 3. HP: 22/23 MP: 3/3
  1611 | D:2      | Reached XP level 4. HP: 29/29 MP: 4/4
  1963 | D:3      | Reached skill level 1 in Stealth
  2028 | D:3      | Slain by an orc

Illustrated notes

Levels and vault maps discovered:
D:1:      kilobyte_arrival_exit_the_forest, layout_basic,
          ebering_ecumenical_altar_abandoned, minmay_pentomino_o4
D:2:      layout_loops_cross
D:3:      layout_basic, nicolae_hepliaklqana_monster_ancestors,
          nicolae_ru_path_of_blood

Skill      XL: |  1  2  3  4 |
---------------+-------------+-----
Armour         | 3 |  3.3
Dodging        | 2 |  2.1
Stealth        | 1 |  1.1
Fighting       | |  3.7
Maces & Flails | |  3.8

Action                   |  1- 3 |  4- 6 || total
-------------------------+-------+-------++-------
Melee: Mace              |    81 |    29 ||   110
       Punch             |     1 |       ||     1
 Stab: Sleeping          |     1 |       ||     1
Armor: Animal skin       |    35 |       ||    35
       Leather armour    |     5 |    12 ||    17
Dodge: Dodged            |    61 |    12 ||    73
